AoeStats
← den svarte mannen

African Clearing

510601709Analyzed
2v2 RM · 11h ago on Oct 1, 2026· 41m 7s· 4 players
Game mode
Random Map
Map size
Medium (4 player)
Population
200
Speed
Normal
Resources
Standard
Victory
Conquest
Starting age
Dark Age
Ending age
Imperial Age
RankedLock teamsTeams togetherTeam positionsShared explorationLock speedFull tech treeHidden civsTurbo modeCheats
Victory
Defeat
🇸🇪 Slavs · Sweden
1373
+14
🇸🇪 Cumans · Sweden
1340
+15
🇨🇦 Shu · Canada
1344
-16
🇫🇷 Bohemians · France
1297
-13
Bugzy
9:37 Loom
9:42 Loom
12:13 Feudal Age
13:45 Double-Bit Axe
18:22 Castle Age
16:56 Horse Collar
19:26 Bow Saw
19:17 Heavy Plow
28:34 Wheelbarrow
27:52 Gold Mining
27:52 Stone Mining
33:22 Imperial Age
31:08 Hand Cart
31:09 Scale Barding Armor
31:15 Forging
32:06 Husbandry
32:42 Chain Barding Armor
34:54 Conscription
35:10 Plate Barding Armor
34:41 Fletching
34:46 Heavy Hei Guang Cavalry
36:41 Chemistry
36:01 Ballistics
36:04 Crossbowman
36:49 Thumb Ring
37:04 Padded Archer Armor
37:01 Bodkin Arrow
37:33 Arbalester
38:14 Bracer
38:15 Padded Archer Armor
38:20 Bolt Magazine
38:09 Elite White Feather Guard
39:48 Scale Mail Armor
41:04 Chain Mail Armor
Tifrato
3:54 Loom
12:50 Feudal Age
13:51 Double-Bit Axe
20:30 Castle Age
20:08 Fletching
21:54 Bodkin Arrow
22:46 Crossbowman
28:34 Ballistics
28:16 Padded Archer Armor
30:57 Leather Archer Armor
35:25 Wheelbarrow
35:06 Horse Collar
38:23 Heavy Plow
38:37 Bow Saw
42:44 Imperial Age
42:25 Chemistry
den svarte mannen
12:05 Feudal Age
12:56 Double-Bit Axe
17:21 Loom
20:33 Castle Age
19:02 Fletching
21:42 Bodkin Arrow
23:12 Wheelbarrow
25:14 Town Watch
26:36 Bow Saw
27:07 Padded Archer Armor
27:21 Bloodlines
29:08 Hand Cart
29:06 Gold Mining
29:08 Stone Mining
34:45 Imperial Age
34:02 Steppe Husbandry
35:48 Ballistics
36:29 Chemistry
35:47 Padded Archer Armor
37:15 Gold Shaft Mining
36:42 Town Patrol
37:21 Conscription
37:15 Elite Kipchak
37:56 Cuman Mercenaries
38:28 Leather Archer Armor
38:28 Masonry
40:39 Two-Man Saw
39:42 Elite Skirmisher
Den gröne mannen
8:05 Loom
13:24 Feudal Age
17:37 Castle Age
17:57 Double-Bit Axe
19:26 Horse Collar
22:39 Pikeman
26:28 Town Watch
27:29 Squires
27:49 Gold Mining
28:11 Bow Saw
29:01 Wheelbarrow
28:54 Scale Barding Armor
30:02 Bloodlines
35:11 Imperial Age
33:07 Heavy Plow
33:23 Bow Saw
32:40 Elite Skirmisher
34:42 Chain Barding Armor
34:42 Husbandry
35:22 Forging
35:48 Detinets
35:48 Fletching
36:48 Conscription
36:24 Elite Boyar
37:10 Capped Ram
39:15 Plate Barding Armor
39:16 Iron Casting
38:42 Siege Ram
Connection lost

Rejoining the realm…

Still unreachable

The connection could not be restored.

Session expired

The server has moved on; the page needs a fresh start.